| TOP OF THE 1ST |
|
Greenville Drive batting - Pitching for Delmarva Shorebirds : LHP Vinny Duarte
|
|
Pitching: LHP Vinny Duarte
|
|
|
Batting: RHB David Norum
|
0-0: Called Strike 0-1: Ball 1-1: Ball 2-1: Called Strike 2-2: Ball 3-2: Base on Balls
|
|
Batting: RHB Andy Garvin
|
0-0: Ball 1-0: Called Strike 1-1: Ground out 5-3 (Groundball, 56S, EV 68.1 MPH) David Norum to second
|
|
Batting: SHB Carter Cromsie
|
0-0: SINGLE (Line Drive, 9LS, EV 86.9 MPH) David Norum to third
|
|
Batting: RHB Larry Brocato
|
0-0: Swinging Strike 0-1: Swinging Strike 0-2: Strikes out looking
|
|
Batting: RHB Bobby Schimke
|
0-0: Foul Ball, location: 2F 0-1: Foul Ball, location: 2F 0-2: SINGLE (Groundball, 6MD, EV 95.0 MPH) David Norum scores Carter Cromsie to second Runner from 2nd tries for 3rd, SAFE, no throw by CF
|
|
Batting: LHB Nelis Geurts
|
0-0: Ball 1-0: Ball 2-0: Ball 3-0: Called Strike 3-1: Called Strike 3-2: Foul Ball, location: 2F 3-2: Foul Ball, location: 2F 3-2: Foul Ball, location: 2F 3-2: Foul Ball, location: 2F 3-2: Strikes out swinging
|
| Top of the 1st over - 1 run, 2 hits, 0 errors, 2 left on base; Greenville 1 - Delmarva 0 |
| BOTTOM OF THE 1ST |
|
Delmarva Shorebirds batting - Pitching for Greenville Drive : RHP Graham Jackson
|
|
Pitching: RHP Graham Jackson
|
|
|
Batting: LHB Eric Jackson
|
0-0: Called Strike 0-1: Swinging Strike 0-2: Ball 1-2: Foul Ball, location: 2F 1-2: Ball 2-2: Ball 3-2: SINGLE (Flyball, 6D, EV 91.2 MPH)
|
|
Batting: RHB Antonio Gamez
|
0-0: Ball 1-0: Foul Ball, location: 2F 1-1: Ground out 5-3 (Groundball, 56S, EV 71.2 MPH) Eric Jackson to second
|
|
Batting: LHB Mike Sloan
|
0-0: Ball 1-0: Ball 2-0: Called Strike 2-1: Foul Ball, location: 2F 2-2: Strikes out swinging
|
|
Batting: RHB Danny Merrill
|
0-0: Ball 1-0: Ground out 4-3 (Groundball, 4M, EV 85.6 MPH)
|
| Bottom of the 1st over - 0 runs, 1 hit, 0 errors, 1 left on base; Greenville 1 - Delmarva 0 |
| TOP OF THE 2ND |
|
Greenville Drive batting - Pitching for Delmarva Shorebirds : LHP Vinny Duarte
|
|
Batting: RHB Joel Vazquez
|
0-0: DOUBLE (Flyball, 8RXD, EV 100.6 MPH)
|
|
Batting: RHB Josh Helman
|
0-0: Ball 1-0: Called Strike 1-1: Called Strike 1-2: Fly out, F8 (Flyball, 8LD, EV 102.5 MPH)
|
|
Batting: RHB Ted Emmerich
|
0-0: Called Strike 0-1: Foul Ball, location: 2F 0-2: Foul Ball, location: 2F 0-2: Ground out 3-1 (Groundball, 34, EV 90.6 MPH) Joel Vazquez to third
|
|
Batting: RHB David Norum
|
0-0: Swinging Strike 0-1: Called Strike 0-2: 2-RUN HOME RUN (Flyball, 89XD, EV 105.6 MPH), Distance : 390 ft
|
|
Batting: RHB Andy Garvin
|
0-0: Ball 1-0: Called Strike 1-1: Foul Ball, location: 2F 1-2: Ground out 6-3 (Groundball, 6M, EV 83.8 MPH)
|
| Top of the 2nd over - 2 runs, 2 hits, 0 errors, 0 left on base; Greenville 3 - Delmarva 0 |
| BOTTOM OF THE 2ND |
|
Delmarva Shorebirds batting - Pitching for Greenville Drive : RHP Graham Jackson
|
|
Batting: SHB Jorge Brito
|
0-0: Called Strike 0-1: Swinging Strike 0-2: Ball 1-2: Ball 2-2: Strikes out looking
|
|
Batting: RHB Alex Valencia
|
0-0: Ball 1-0: Ground out U3 (Groundball, 3, EV 106.2 MPH)
|
|
Batting: LHB Shane Free
|
0-0: Called Strike 0-1: Ground out 5-3 (Groundball, 5S, EV 66.2 MPH)
|
| Bottom of the 2nd over - 0 runs, 0 hits, 0 errors, 0 left on base; Greenville 3 - Delmarva 0 |
| TOP OF THE 3RD |
|
Greenville Drive batting - Pitching for Delmarva Shorebirds : LHP Vinny Duarte
|
|
Batting: SHB Carter Cromsie
|
0-0: Foul Ball, location: 2F 0-1: Ball 1-1: Foul Ball, location: 2F 1-2: SINGLE (Line Drive, 7S, EV 107.5 MPH)
|
|
Batting: RHB Larry Brocato
|
Pickoff Throw to First - Error! E1 Carter Cromsie to second 0-0: Ball 1-0: Foul Ball, location: 2F 1-1: Ground out 4-3 (Groundball, 4, EV 105.0 MPH) Carter Cromsie to third
|
|
Batting: RHB Bobby Schimke
|
0-0: Called Strike 0-1: Ball 1-1: Ground out 5-3 (Groundball, 56, EV 90.0 MPH) Carter Cromsie scores
|
|
Batting: LHB Nelis Geurts
|
0-0: Called Strike 0-1: Fly out, F8 (Flyball, 8LXD, EV 91.9 MPH)
|
| Top of the 3rd over - 1 run, 1 hit, 1 error, 0 left on base; Greenville 4 - Delmarva 0 |
| BOTTOM OF THE 3RD |
|
Delmarva Shorebirds batting - Pitching for Greenville Drive : RHP Graham Jackson
|
|
Batting: RHB Adam Swimmer
|
0-0: Fly out, F7 (Flyball, 7, EV 83.8 MPH)
|
|
Batting: LHB Justin Alworth
|
0-0: Called Strike 0-1: Swinging Strike 0-2: Ball 1-2: Foul Ball, location: 2F 1-2: Foul Ball, location: 2F 1-2: Ball 2-2: Foul Ball, location: 2F 2-2: Ball 3-2: Base on Balls
|
|
Batting: LHB Eric Jackson
|
0-0: Foul Ball, location: 2F 0-1: Hit by Pitch Justin Alworth to second
|
|
Batting: RHB Antonio Gamez
|
0-0: SINGLE (Groundball, 4MD, EV 103.1 MPH) Justin Alworth to third Eric Jackson to second
|
|
Batting: LHB Mike Sloan
|
0-0: Ball 1-0: Fly out, F9 (Flyball, 9, EV 84.4 MPH)
|
|
Batting: RHB Danny Merrill
|
0-0: Ball 1-0: SINGLE (Line Drive, 78S, EV 106.2 MPH) Justin Alworth scores Eric Jackson to third Antonio Gamez to second Runner from 3rd tries for Home, SAFE, throw by LF to home
|
|
Batting: SHB Jorge Brito
|
0-0: Ball 1-0: Ball 2-0: Foul Ball, location: 2F 2-1: Foul Ball, location: 2F 2-2: Fly out, F7 (Line Drive, 78S, EV 94.4 MPH)
|
| Bottom of the 3rd over - 2 runs, 2 hits, 0 errors, 2 left on base; Greenville 4 - Delmarva 2 |
| TOP OF THE 4TH |
|
Greenville Drive batting - Pitching for Delmarva Shorebirds : LHP Vinny Duarte
|
|
Batting: RHB Joel Vazquez
|
0-0: Called Strike 0-1: Ball 1-1: SINGLE (Groundball, 6MD, EV 97.5 MPH)
|
|
Batting: RHB Josh Helman
|
0-0: Ball 1-0: Ball 2-0: Ball 3-0: Called Strike 3-1: Base on Balls Joel Vazquez to second
|
|
Batting: RHB Ted Emmerich
|
0-0: Called Strike 0-1: Ball 1-1: Fly out, F9 (Flyball, 9D, EV 108.1 MPH)
|
|
Batting: RHB David Norum
|
0-0: Ball 1-0: Foul Ball, location: 2F 1-1: Ball 2-1: Ball 3-1: Base on Balls Joel Vazquez to third Josh Helman to second
|
|
Batting: RHB Andy Garvin
|
0-0: Ball 1-0: Fly out, F7 (Flyball, 7D, EV 100.6 MPH) Runner from 3rd tags up, SCORES, throw by LF Josh Helman to third
|
|
Pitching: LHP Randy Yarrigle
|
|
|
Batting: SHB Carter Cromsie
|
0-0: Ball 1-0: Ground out 4-3 (Groundball, 34S, EV 85.6 MPH)
|
| Top of the 4th over - 1 run, 1 hit, 0 errors, 2 left on base; Greenville 5 - Delmarva 2 |
| BOTTOM OF THE 4TH |
|
Delmarva Shorebirds batting - Pitching for Greenville Drive : RHP Graham Jackson
|
|
Batting: RHB Alex Valencia
|
0-0: Called Strike 0-1: Ball 1-1: Called Strike 1-2: Ground out 6-3 (Groundball, 56, EV 88.8 MPH)
|
|
Batting: LHB Shane Free
|
0-0: Called Strike 0-1: Ball 1-1: Ball 2-1: Foul Ball, location: 2F 2-2: Strikes out swinging
|
|
Batting: RHB Adam Swimmer
|
0-0: Ball 1-0: Ground out 4-3 (Groundball, 4, EV 88.1 MPH)
|
| Bottom of the 4th over - 0 runs, 0 hits, 0 errors, 0 left on base; Greenville 5 - Delmarva 2 |
| TOP OF THE 5TH |
|
Greenville Drive batting - Pitching for Delmarva Shorebirds : LHP Randy Yarrigle
|
|
Batting: RHB Larry Brocato
|
0-0: Ball 1-0: SINGLE (Groundball, 34D, EV 107.5 MPH)
|
|
Batting: RHB Bobby Schimke
|
0-0: Foul Ball, location: 2F 0-1: Ball 1-1: Called Strike 1-2: Foul Ball, location: 2F 1-2: Foul Ball, location: 2F 1-2: SINGLE (Groundball, 6MD, EV 105.6 MPH) Larry Brocato to second
|
|
Batting: LHB Nelis Geurts
|
0-0: Ball 1-0: Foul Ball, location: 2F 1-1: Ball 2-1: Foul Ball, location: 2F 2-2: Ball 3-2: Strikes out swinging
|
|
Batting: RHB Joel Vazquez
|
0-0: Ball Larry Brocato steals 3rd base Bobby Schimke to second 1-0: Called Strike 1-1: Swinging Strike 1-2: SINGLE (Line Drive, 89S, EV 86.9 MPH) Larry Brocato scores Bobby Schimke to third Runner from 3rd tries for Home, SAFE, throw by RF to home Joel Vazquez to second
|
|
Batting: RHB Josh Helman
|
0-0: Ball 1-0: Ball 2-0: Swinging Strike 2-1: Swinging Strike 2-2: Foul Ball, location: 2F 2-2: Strikes out swinging
|
|
Batting: RHB Ted Emmerich
|
0-0: Called Strike 0-1: Called Strike 0-2: Strikes out swinging
|
| Top of the 5th over - 2 runs, 3 hits, 0 errors, 1 left on base; Greenville 7 - Delmarva 2 |
| BOTTOM OF THE 5TH |
|
Delmarva Shorebirds batting - Pitching for Greenville Drive : RHP Graham Jackson
|
|
Batting: LHB Justin Alworth
|
0-0: Ball 1-0: Ball 2-0: Called Strike 2-1: Ball 3-1: Swinging Strike 3-2: Strikes out looking
|
|
Batting: LHB Eric Jackson
|
0-0: Foul Ball, location: 2F 0-1: Fly out, F7 (Flyball, 7D, EV 87.5 MPH)
|
|
Batting: RHB Antonio Gamez
|
0-0: SINGLE (Groundball, 25, EV 60.6 MPH) (infield hit)
|
|
Batting: LHB Mike Sloan
|
0-0: Ball Antonio Gamez is caught stealing 2nd base 2-6
|
| Bottom of the 5th over - 0 runs, 1 hit, 0 errors, 0 left on base; Greenville 7 - Delmarva 2 |
| TOP OF THE 6TH |
|
Greenville Drive batting - Pitching for Delmarva Shorebirds : LHP Randy Yarrigle
|
|
Batting: RHB David Norum
|
0-0: Called Strike 0-1: Called Strike 0-2: Ball 1-2: Ground out 5-3 (Groundball, 56S, EV 66.9 MPH)
|
|
Batting: RHB Andy Garvin
|
0-0: Fly out, F4 (Popup, 34D, EV 53.1 MPH)
|
|
Batting: SHB Carter Cromsie
|
0-0: Ball 1-0: Ball 2-0: Ball 3-0: Foul Ball, location: 2F 3-1: Base on Balls
|
|
Batting: RHB Larry Brocato
|
0-0: Foul Ball, location: 2F 0-1: Foul Ball, location: 2F 0-2: Ball 1-2: Ball 2-2: Foul Ball, location: 2F 2-2: Fielders Choice at 2nd, 6-4 (Groundball, 6, EV 89.4 MPH)
|
| Top of the 6th over - 0 runs, 0 hits, 0 errors, 1 left on base; Greenville 7 - Delmarva 2 |
| BOTTOM OF THE 6TH |
|
Delmarva Shorebirds batting - Pitching for Greenville Drive : RHP Graham Jackson
|
|
Batting: LHB Mike Sloan
|
0-0: Ground out 6-3 (Groundball, 4, EV 106.2 MPH)
|
|
Batting: RHB Danny Merrill
|
0-0: Ball 1-0: Ball 2-0: Ball 3-0: Called Strike 3-1: SINGLE (Line Drive, 3D, EV 98.1 MPH)
|
|
Batting: SHB Jorge Brito
|
0-0: Ball 1-0: Called Strike 1-1: Foul Ball, location: 2F 1-2: Strikes out swinging
|
|
Batting: RHB Alex Valencia
|
0-0: Called Strike 0-1: Called Strike 0-2: Ball 1-2: Ball Danny Merrill is caught stealing 2nd base 2-4
|
| Bottom of the 6th over - 0 runs, 1 hit, 0 errors, 0 left on base; Greenville 7 - Delmarva 2 |
| TOP OF THE 7TH |
|
Greenville Drive batting - Pitching for Delmarva Shorebirds : LHP Randy Yarrigle
|
|
Batting: RHB Bobby Schimke
|
0-0: Ball 1-0: Ball 2-0: Ball 3-0: Base on Balls
|
|
Pitching: RHP Shane Kruger
|
|
|
Batting: LHB Nelis Geurts
|
0-0: Fly out, F8 (Flyball, 8LXD, EV 87.5 MPH)
|
|
Batting: RHB Joel Vazquez
|
0-0: Ball 1-0: Grounds into double play, 6-4-3 (Groundball, 6S, EV 87.5 MPH)
|
| Top of the 7th over - 0 runs, 0 hits, 0 errors, 0 left on base; Greenville 7 - Delmarva 2 |
| BOTTOM OF THE 7TH |
|
Delmarva Shorebirds batting - Pitching for Greenville Drive : RHP Graham Jackson
|
|
Batting: RHB Alex Valencia
|
0-0: Called Strike 0-1: Ball 1-1: SINGLE (Line Drive, 4D, EV 96.9 MPH)
|
|
Pitching: RHP Gabe Torres
|
|
|
Batting: LHB Shane Free
|
0-0: Called Strike 0-1: Ball 1-1: Foul Ball, location: 2F 1-2: Foul Ball, location: 2F 1-2: Ball 2-2: Ball 3-2: Fly out, F8 (Flyball, 8RXD, EV 103.1 MPH)
|
|
Batting: RHB Adam Swimmer
|
0-0: Called Strike 0-1: Ball 1-1: Called Strike 1-2: SINGLE (Flyball, 89S, EV 86.2 MPH) Alex Valencia to second
|
|
Batting: LHB Justin Alworth
|
0-0: Ball 1-0: Grounds into double play, 4-6-3 (Groundball, 4, EV 103.1 MPH)
|
| Bottom of the 7th over - 0 runs, 2 hits, 0 errors, 1 left on base; Greenville 7 - Delmarva 2 |
| TOP OF THE 8TH |
|
Greenville Drive batting - Pitching for Delmarva Shorebirds : RHP Shane Kruger
|
|
Batting: RHB Josh Helman
|
0-0: Swinging Strike 0-1: SINGLE (Groundball, 56, EV 108.1 MPH)
|
|
Batting: RHB Ted Emmerich
|
0-0: Ball 1-0: Ball 2-0: Swinging Strike 2-1: Foul Ball, location: 2F 2-2: Fielders Choice at 2nd, 3-6 (Groundball, 34, EV 105.6 MPH)
|
|
Batting: RHB David Norum
|
0-0: Ball 1-0: Ball 2-0: Called Strike 2-1: Ball 3-1: Grounds into double play, 4-6-3 (Groundball, 4, EV 82.5 MPH)
|
| Top of the 8th over - 0 runs, 1 hit, 0 errors, 0 left on base; Greenville 7 - Delmarva 2 |
| BOTTOM OF THE 8TH |
|
Delmarva Shorebirds batting - Pitching for Greenville Drive : RHP Gabe Torres
|
|
Batting: LHB Eric Jackson
|
0-0: Called Strike 0-1: Foul Ball, location: 2F 0-2: Ball 1-2: Ball 2-2: Strikes out swinging
|
|
Batting: RHB Antonio Gamez
|
0-0: Called Strike 0-1: Foul Ball, location: 2F 0-2: Reached on error, E6 (Groundball, 6, EV 86.9 MPH)
|
|
Batting: LHB Mike Sloan
|
0-0: Called Strike 0-1: Foul Ball, location: 2F 0-2: Strikes out swinging
|
|
Batting: RHB Danny Merrill
|
0-0: Swinging Strike 0-1: Ball 1-1: Ball 2-1: Swinging Strike 2-2: Strikes out swinging
|
| Bottom of the 8th over - 0 runs, 0 hits, 1 error, 1 left on base; Greenville 7 - Delmarva 2 |
| TOP OF THE 9TH |
|
Greenville Drive batting - Pitching for Delmarva Shorebirds : RHP Shane Kruger
|
|
Batting: RHB Andy Garvin
|
0-0: Called Strike 0-1: Called Strike 0-2: Strikes out looking
|
|
Batting: SHB Carter Cromsie
|
0-0: Called Strike 0-1: Called Strike 0-2: Fly out, F4 (Popup, 34, EV 71.9 MPH)
|
|
Batting: RHB Larry Brocato
|
0-0: Ball 1-0: Ball 2-0: Foul Ball, location: 2F 2-1: Ball 3-1: Called Strike 3-2: Ground out 5-3 (Groundball, 5, EV 103.8 MPH)
|
| Top of the 9th over - 0 runs, 0 hits, 0 errors, 0 left on base; Greenville 7 - Delmarva 2 |
| BOTTOM OF THE 9TH |
|
Delmarva Shorebirds batting - Pitching for Greenville Drive : RHP Gabe Torres
|
|
Batting: SHB Jorge Brito
|
0-0: Ball 1-0: Foul Ball, location: 2F 1-1: Foul Ball, location: 2F 1-2: Strikes out swinging
|
|
Pitching: RHP Eddie Mosley
|
|
|
Batting: RHB Alex Valencia
|
0-0: Fly out, F9 (Flyball, 9S, EV 89.4 MPH)
|
|
Batting: LHB Shane Free
|
0-0: Called Strike 0-1: Ball 1-1: Swinging Strike 1-2: Ball 2-2: Foul Ball, location: 2F 2-2: SINGLE (Line Drive, 56, EV 103.8 MPH)
|
|
Batting: RHB Adam Swimmer
|
0-0: Called Strike Pickoff Throw to First - Error! E1 Shane Free to second 0-1: Hit by Pitch
|
|
Batting: LHB Justin Alworth
|
0-0: Swinging Strike 0-1: Ball 1-1: Ball 2-1: Ball 3-1: Foul Ball, location: 2F 3-2: Foul Ball, location: 2F 3-2: Ground out 4-3 (Groundball, 4, EV 82.5 MPH)
|
| Bottom of the 9th over - 0 runs, 1 hit, 1 error, 2 left on base; Greenville 7 - Delmarva 2 |
|